 Dungeon Crawl Stone Soup version 0.20-a0-1009-gc986637 (webtiles) character file.

150 Ordine the Sneak (level 5, 0/39 HPs)
             Began as an Octopode Monk on Apr 15, 2017.
             Slain by a gnoll (9 damage)
             ... on level 3 of the Dungeon.
             The game lasted 00:04:38 (2458 turns).

Ordine the Sneak (Octopode Monk)                    Turns: 2458, Time: 00:04:39

Health: 0/39       AC:  1    Str: 10    XL:     5   Next: 32%
Magic:  5/5        EV: 16    Int: 14    God:
Gold:   132        SH:  0    Dex: 14    Spells: 4/4 levels left

rFire    . . .     SeeInvis .   (no weapon)
rCold    . . .     Gourm    .   (no shield)
rNeg     . . .     Faith    .   (helmet restricted)
rPois    .         Spirit   .   (no amulet)
rElec    .         Reflect  .   (no ring)
rCorr    .         Harm     .   (no ring)
MR       .....                  (no ring)
Stlth    ++++......             (no ring)
Regen    0.2/turn               (no ring)
MPRegen  0.1/turn               (no ring)
                                (no ring)
                                (no ring)

@: no status effects
A: almost no armour, stealthy swim, amphibious, 8 rings, constrict 8, camouflage
1, gelatinous body 1
a: no special abilities


You were on level 3 of the Dungeon.
You were not hungry.

You visited 1 branch of the dungeon, and saw 3 of its levels.

You collected 132 gold pieces.

Inventory:

Jewellery
 d - a cursed amulet of inaccuracy {unknown}
 e - a +1 ring of protection {unknown}
 f - a cursed ring of stealth {unknown}
Scrolls
 c - a scroll of identify {unknown}
Potions
 b - 2 potions of haste {unknown}
 h - a potion of lignification {unknown}
 i - a potion of curing {unknown}
 j - a potion of ambrosia {unknown}
 k - a potion of heal wounds {unknown}
Comestibles
 a - 3 bread rations
 g - a meat ration
 l - 2 chunks of flesh


   Skills:
 + Level 5.0 Fighting
 + Level 5.1 Dodging
 + Level 6.3 Stealth


You had 4 spell levels left.
You didn't know any spells.

Dungeon Overview and Level Annotations

Branches:
Dungeon (3/15)

Altars:
Uskayaw


Innate Abilities, Weirdness & Mutations

You cannot wear most types of armour.
You are very stealthy in the water. (Stealth+)
You are amphibious.
You can wear up to eight rings at the same time.
You can use your tentacles to constrict eight enemies at once.
Your skin changes colour to match your surroundings (Stealth+).
Your rubbery body absorbs attacks. (AC +1, EV +1)


Message History

You constrict the gnoll.
You kill the gnoll!
The goblin misses you.
You tentacle-slap the goblin. You grab the goblin. You squeeze the goblin.
The goblin is heavily wounded.
You constrict the goblin.
You kill the goblin!
Your Fighting skill increases to level 5!
The goblin closely misses you.
You tentacle-slap the goblin. You grab the goblin.
The goblin is moderately wounded.
You constrict the goblin. The goblin hits you.
* * * LOW HITPOINT WARNING * * *
You tentacle-slap the goblin but do no damage.
The goblin is severely wounded.
You constrict the goblin.
You kill the goblin!
You tentacle-slap the gnoll but do no damage.
You grab the gnoll. You constrict the gnoll. The gnoll hits you!
You die...

# ### #.#..
#.#)###.#...
###...@g......
##.###.###.####
##...##.# #.#
#.......# #.#
##.รท.#### #(#
##.## #.# #.#
#.# #.# #.#####
#.# #.....#


You could see a gnoll.

Vanquished Creatures
  3 gnolls
  5 adders
  An ooze (D:2)
  2 worms (D:3)
  A leopard gecko (D:3)
  5 orcs (D:3)
  2 ball pythons
  8 bats
  3 giant cockroaches
  5 hobgoblins (D:1)
  6 kobolds
  2 quokkas (D:2)
  6 frilled lizards
  9 goblins
  3 rats
61 creatures vanquished.

Notes
Turn   | Place    | Note
-------+----------+-------------------------------------------
     0 | D:1      | Ordine the Octopode Monk began the quest for the Orb.
     0 | D:1      | Reached XP level 1. HP: 17/17 MP: 1/1
    40 | D:1      | You fall through a shaft!
    83 | D:2      | Found a hide-covered altar of Uskayaw.
   269 | D:1      | Reached XP level 2. HP: 14/22 MP: 2/2
   590 | D:1      | Reached XP level 3. HP: 26/27 MP: 3/3
  1293 | D:2      | Reached XP level 4. HP: 32/34 MP: 4/4
  1423 | D:2      | Reached skill level 6 in Stealth
  2047 | D:3      | Reached skill level 5 in Dodging
  2055 | D:3      | Reached XP level 5. HP: 22/38 MP: 5/5
  2455 | D:3      | Reached skill level 5 in Fighting
  2458 | D:3      | Slain by a gnoll

Vault maps used:
D:1:      kilobyte_arrival_exit_the_forest
D:2:      lemuel_doored_altar, first_bread
D:3:      makhleb_grotto_becter

Skill      XL: |  1  2  3  4  5 |
---------------+----------------+-----
Stealth        | 6 |  6.3
Dodging        | 5 |  5.1
Fighting       | 5 |  5.0

Action                   |  1- 3 |  4- 6 || total
-------------------------+-------+-------++-------
Melee: Unarmed           |    99 |    88 ||   187
       Tentacles         |    17 |    17 ||    34
       Constrict         |    28 |    26 ||    54
  Use: Scroll            |     4 |       ||     4
 Stab: Sleeping          |    12 |     8 ||    20
  Eat: Chunk             |     1 |     4 ||     5
Armor: Skin              |     9 |     2 ||    11
Dodge: Dodged            |    80 |    55 ||   135
